 Dungeon Crawl Stone Soup version 0.30-a0-755-g0b50240ab4 (webtiles) character file.

Game seed: 17028953144086529935

13778 DeathSun the Destroyer (level 12, 0/91 HPs)
             Began as a Gnoll Conjurer on Feb 8, 2023.
             Was a Believer of Ashenzari.
             Slain by a vampire mosquito (9 damage)
             ... on level 11 of the Dungeon on Feb 9, 2023.
             The game lasted 00:59:35 (14308 turns).

DeathSun the Destroyer (Gnoll Conjurer)            Turns: 14308, Time: 00:59:35

Health: 0/91       AC: 13    Str:  6    XL:     12   Next: 9%
Magic:  18/24      EV: 14    Int: 30    God:    Ashenzari [**....]
Gold:   494        SH:  4    Dex: 12    Spells: 12/28 levels left

rFire   + . .      SeeInvis +    M - +3 arbalest (freeze)
rCold   x . .      Faith    .    (shield currently unavailable)
rNeg    . . .      Spirit   .    Q - +0 acid dragon scales of Supernal Understanding {rCorr, Cun, Comp} (curse)
rPois   .          Reflect  .    (no helmet)
rElec   .          Harm     .    e - +0 cloak "Lashed Sybil" {Range, Comp} (curse)
rCorr   +          Rampage  .    (no gloves)
Will    +....      Rage     3%   F - +2 pair of boots "Revealing Stickiness" {Fort, Range} (curse)
Stlth   +++++                    B - amulet of regeneration
HPRegen 1.15/turn                f - ring of Ashenzari's Servitude {Fire +Blink Will+ Int+2 Stlth+, Evo, Range} (curse)
MPRegen 0.19/turn                s - +6 ring of intelligence

@: wereblooded
A: fangs 1, strong nose, distributed training, hooves 1, large bone plates 1,
berserk 1
a: Renounce Religion, Evoke Blink, Shatter the Chains


You were on level 11 of the Dungeon.
You worshipped Ashenzari.
Ashenzari was pleased with you.
You visited 2 branches of the dungeon, and saw 12 of its levels.

You collected 1086 gold pieces.
You spent 592 gold pieces at shops.

Inventory:

Hand Weapons
 u - a +0 dagger
 y - a +1 falchion of holy wrath
 A - a +2 rapier of flaming
 C - a +1 heavy spear
 L - a +3 dagger of distortion
 M - a +3 arbalest of freezing (weapon)
 P - a +0 heavy glaive
Missiles
 p - 3 throwing nets
Armour
 a - a +0 robe
 e - the cursed +0 cloak "Lashed Sybil" (worn) {Range, Comp}
   (You found it on level 1 of the Dungeon)

   It has a curse which improves the following skills: Ranged Combat: Ranged
   Weapons and Throwing.
   Companions: Summonings and Necromancy.
 r - a +1 buckler of protection
 F - the cursed +2 pair of boots "Revealing Stickiness" (worn) {Fort, Range}
   (You found it on level 10 of the Dungeon)

   It has a curse which improves the following skills: Fortitude: Armour and
   Shields.
   Ranged Combat: Ranged Weapons and Throwing.
 I - +0 steam dragon scales
 Q - the cursed +0 acid dragon scales of Supernal Understanding (worn) {rCorr, Cun, Comp}
   (You took it off Maggie on level 7 of the Dungeon)

   rCorr:     It protects you from acid and corrosion.
   It has a curse which improves the following skills: Cunning: Dodging and
   Stealth.
   Companions: Summonings and Necromancy.
Jewellery
 f - the cursed ring of Ashenzari's Servitude (left hand) {Fire +Blink Will+ Int+2 Stlth+, Evo, Range}
   (You acquired it on level 8 of the Dungeon)

   [ring of fire]

   It enhances your fire magic.
   Int:       It affects your intelligence (+2).
   rF:        It protects you from fire.
   rC:        It makes you vulnerable to cold.
   +Blink:    It lets you blink.
   Will:      It increases your willpower.
   Stlth:     It makes you more stealthy.
   It has a curse which improves the following skills: Evocations: Evocations.
   Ranged Combat: Ranged Weapons and Throwing.
 s - a +6 ring of intelligence (right hand)
 B - an amulet of regeneration (around neck)
 D - a +4 ring of protection
 N - a ring of wizardry
Wands
 z - a wand of acid (13)
 O - a wand of polymorph (9)
 R - a wand of iceblast (6)
 T - a wand of mindburst (12)
Scrolls
 c - 4 scrolls of immolation
 i - 5 scrolls of fear
 j - 5 scrolls of fog
 k - 3 scrolls of blinking
 m - 8 scrolls of identify
 n - a scroll of enchant armour
 o - 2 scrolls of teleportation
 q - 2 scrolls of torment
 t - 3 scrolls of vulnerability
 v - a scroll of noise
 w - 2 scrolls of amnesia
 x - a scroll of magic mapping
 G - a scroll of butterflies
 K - a scroll of poison
Potions
 b - 5 potions of magic
 d - 5 potions of mutation
 g - 2 potions of curing
 h - 3 potions of haste
 l - a potion of flight
 E - a potion of brilliance
 H - a potion of cancellation
 J - 2 potions of invisibility
 S - 3 potions of ambrosia


   Skills:
 + Level 7.2 Fighting
 + Level 7.2 Short Blades
 + Level 7.2 Long Blades
 + Level 7.2 Axes
 + Level 7.2 Maces & Flails
 + Level 7.2 Polearms
 + Level 7.2 Staves
 + Level 7.2(9.8) Ranged Weapons
 + Level 7.2(9.8) Throwing
 + Level 7.2(8.5) Armour
 + Level 8.6(9.9) Dodging
 + Level 8.4(9.7) Stealth
 + Level 7.2(8.5) Shields
 + Level 7.2 Unarmed Combat
 + Level 8.9 Spellcasting
 + Level 9.4 Conjurations
 + Level 6.0 Hexes
 + Level 6.0(7.9) Summonings
 + Level 6.0(7.9) Necromancy
 + Level 6.0 Translocations
 + Level 6.0 Transmutations
 + Level 6.0 Fire Magic
 + Level 6.0 Ice Magic
 + Level 6.0 Air Magic
 + Level 6.0 Earth Magic
 + Level 6.0 Poison Magic
 + Level 7.9 Invocations
 + Level 7.2(8.5) Evocations


You had 12 spell levels left.
You knew the following spells:

 Your Spells              Type           Power      Damage    Failure   Level
a - Magic Dart            Conj           100%       1d8       1%          1
b - Fulminant Prism       Conj/Hex       28%        3d14      3%          4
c - Searing Ray           Conj           100%       2d8       1%          2
d - Olgreb's Toxic Radia  Pois           49%        N/A       6%          4
e - Ignite Poison         Fire/Tmut/Pois 65%        N/A       1%          3
f - Wereblood             Tmut           49%        N/A       1%          2

Your spell library contained the following spells:

 Spells                   Type           Power      Damage    Failure   Level
 Beastly Appendage        Tmut           98%        N/A       1%          1
 Freeze                   Ice            100%       1d10      1%          1
 Sting                    Tmut/Pois      100%       1d8       1%          1
 Poisonous Vapours        Pois/Air       98%        N/A       1%          2
 Dazzling Flash           Conj/Hex       100%       N/A       1%          3
 Frozen Ramparts          Ice            98%        1d15      1%          3
 Gell's Gravitas          Tloc           49%        N/A       1%          3
 Hailstorm                Conj/Ice       56%        3d12      1%          3
 Kindle Blastsparks       Fire/Tloc/Air  100%       2d18      1%          3
 Spider Form              Tmut/Pois      49%        N/A       1%          3
 Teleport Other           Tloc           49%        N/A       1%          3
 Iskenderun's Mystic Bla  Conj/Tloc      56%        2d12      3%          4
 Freezing Cloud           Conj/Ice/Air   27%        6-21      11%         5
 Dispersal                Tloc           24%        N/A       67%         6
 Malign Gateway           Summ/Tloc      26%        N/A       98%         7
 Summon Horrible Things   Summ           28%        N/A       100%        8


Dungeon Overview and Level Annotations

Branches:
Dungeon (11/15)            Temple (1/1) D:7            Lair (0/5) D:9
    Orc: D:9-12

Altars:
Ashenzari
Cheibriados
Dithmenos
Elyvilon
Fedhas
Gozag
Hepliaklqana
Kikubaaqudgha
Makhleb
Nemelex Xobeh
Okawaru
Qazlal
Ru
Sif Muna
Trog
Uskayaw
Vehumet
Wu Jian
Xom
Yredelemnul
Zin
The Shining One

Shops:
D:4 ?   D:5 =   D:8 !   D:9 ?

Annotations:
D:7 1 runed translucent door, Crazy Yiuf


Innate Abilities, Weirdness & Mutations

You have very sharp teeth.
Your uncanny sense of smell can sniff out nearby items.
Your experience applies equally to all skills.
You have large cloven feet.
You are partially covered in large bone plates. (SH +4)
You sometimes lose your temper in combat.


Message History

The vampire mosquito misses you. The vampire mosquito bites you.
* * * LOW HITPOINT WARNING * * *
The vampire mosquito draws strength from your injuries!
You feel better.
The vampire mosquito bites you but does no damage.
The vampire mosquito barely misses you.
The vampire mosquito bites you but does no damage.
The vampire mosquito misses you.
You are too injured to fight recklessly!
You shoot a bolt.
The bolt barely misses the vampire mosquito.
The vampire mosquito bites you.
* * * LOW HITPOINT WARNING * * *
The vampire mosquito draws strength from your injuries!
The vampire mosquito barely misses you. The vampire mosquito bites you.
* * * LOW HITPOINT WARNING * * *
The vampire mosquito draws strength from your injuries!
The vampire mosquito barely misses you. The vampire mosquito bites you.
* * * LOW HITPOINT WARNING * * *
The vampire mosquito draws strength from your injuries!
You shoot a bolt. The bolt hits the vampire mosquito.
The bolt freezes the vampire mosquito.
The vampire mosquito is lightly damaged.
The vampire mosquito bites you!
* * * LOW HITPOINT WARNING * * *
The vampire mosquito draws strength from your injuries!
The vampire mosquito closely misses you.
The vampire mosquito bites you.
* * * LOW HITPOINT WARNING * * *
The vampire mosquito draws strength from your injuries!
The vampire mosquito misses you.
The vampire mosquito closely misses you.
The vampire mosquito bites you.
* * * LOW HITPOINT WARNING * * *
The vampire mosquito draws strength from your injuries!
You feel better. The vampire mosquito bites you.
* * * LOW HITPOINT WARNING * * *
The vampire mosquito draws strength from your injuries!
The vampire mosquito bites you!
You die...

#..........)...........
#####..................
#........).))......
#..........).#'###'
########............#.....
................)...#.....
....................#.....
,
....................#.....
*
.........@y.........#.....
.......>†.y.........#.....
,
....................#.....
................., ######
* .................
................. ,
................
..............., , , ,∆ ,
,


You could see 2 vampire mosquitoes.

Vanquished Creatures
  2 boulder beetles
  4 two-headed ogres
  Maggie (D:7)
  2 unseen horrors (D:11)
  Psyche (D:8)
  3 trolls
  A queen bee (D:10)
  Prince Ribbit (D:8)
  16 yaks (D:10)
  3 vampire mosquitoes (D:11)
  3 steam dragons
  Menkaure (D:7)
  3 wargs
  Duvessa (D:7)
  2 water moccasins
  3 orc warriors
  A sky beast (D:6)
  A black bear (D:4)
  An ogre (D:6)
  An ice beast (D:7)
  2 centaurs
  2 kobold brigands
  3 bullfrogs
  A scorpion (D:5)
  A gnoll sergeant (D:6)
  4 wights (D:7)
  Dowan (D:7)
  31 killer bees
  3 howler monkeys
  5 hounds
  A lava snake (D:9)
  8 orc priests
  A gnoll bouda (D:6)
  8 iguanas
  10 orc wizards
  6 gnolls
  13 adders
  A shadow imp (D:6)
  2 white imps (D:6)
  4 ufetubi
  4 worms
  2 dart slugs
  53 orcs
  8 ball pythons
  10 endoplasms
  4 giant cockroaches
  7 goblins
  7 hobgoblins
  6 quokkas
  5 bats
  4 frilled lizards (D:1)
  18 kobolds
  5 rats
  A fulminant prism (D:8)
292 creatures vanquished.

Vanquished Creatures (others)
  63 fulminant prisms
  59 fungi (D:6)
  2 plants (D:9)
124 creatures vanquished.

Grand Total: 416 creatures vanquished

Notes
Turn   | Place    | Note
-------+----------+-------------------------------------------
     0 | D:1      | DeathSun the Gnoll Conjurer began the quest for the Orb.
     0 | D:1      | Reached XP level 1. HP: 13/13 MP: 6/6
   189 | D:1      | Reached XP level 2. HP: 19/19 MP: 3/7
   623 | D:1      | Reached skill level 5 in Spellcasting
   623 | D:1      | Reached XP level 3. HP: 25/25 MP: 5/9
  1006 | D:2      | Reached skill level 1 in Invocations
  1077 | D:2      | Reached skill level 1 in Fighting
  1077 | D:2      | Reached skill level 1 in Short Blades
  1077 | D:2      | Reached skill level 1 in Long Blades
  1077 | D:2      | Reached skill level 1 in Axes
  1077 | D:2      | Reached skill level 1 in Maces & Flails
  1077 | D:2      | Reached skill level 1 in Polearms
  1077 | D:2      | Reached skill level 1 in Staves
  1077 | D:2      | Reached skill level 1 in Ranged Weapons
  1077 | D:2      | Reached skill level 1 in Throwing
  1077 | D:2      | Reached skill level 1 in Armour
  1077 | D:2      | Reached skill level 1 in Shields
  1077 | D:2      | Reached skill level 1 in Unarmed Combat
  1077 | D:2      | Reached skill level 1 in Evocations
  1290 | D:2      | Reached XP level 4. HP: 32/32 MP: 8/11
  1295 | D:2      | Learned a level 4 spell: Fulminant Prism
  1573 | D:2      | Reached skill level 1 in Hexes
  1573 | D:2      | Reached skill level 1 in Summonings
  1573 | D:2      | Reached skill level 1 in Necromancy
  1573 | D:2      | Reached skill level 1 in Translocations
  1573 | D:2      | Reached skill level 1 in Transmutations
  1573 | D:2      | Reached skill level 1 in Fire Magic
  1573 | D:2      | Reached skill level 1 in Ice Magic
  1573 | D:2      | Reached skill level 1 in Air Magic
  1573 | D:2      | Reached skill level 1 in Earth Magic
  1573 | D:2      | Reached skill level 1 in Poison Magic
  1683 | D:2      | Reached XP level 5. HP: 37/37 MP: 6/12
  2292 | D:3      | Found a faded altar of an unknown god.
  2387 | D:3      | Noticed a black bear
  2444 | D:3      | Reached XP level 6. HP: 44/44 MP: 2/13
  2912 | D:3      | Found a basalt altar of Yredelemnul.
  3138 | D:4      | Reached skill level 5 in Dodging
  3439 | D:4      | Noticed a black bear
  3665 | D:4      | Found The Oracle's Delphic Readings.
  3668 | D:4      | Noticed a water moccasin
  3871 | D:5      | Entered Level 5 of the Dungeon
  4152 | D:3      | Found a snail-covered altar of Cheibriados.
  4296 | D:4      | Reached XP level 7. HP: 50/50 MP: 12/15
  4620 | D:4      | Reached skill level 5 in Stealth
  4793 | D:4      | Bought a scroll of teleportation for 36 gold pieces
  4793 | D:4      | Bought a scroll of teleportation for 36 gold pieces
  4793 | D:4      | Bought a scroll of teleportation for 36 gold pieces
  4968 | D:5      | Gained mutation: You are partially covered in large bone
                  | plates. (SH +4) [potion of mutation]
  4968 | D:5      | Gained mutation: You sometimes lose your temper in combat.
                  | [potion of mutation]
  4968 | D:5      | Gained mutation: You have large cloven feet. [potion of
                  | mutation]
  4974 | D:5      | HP: 1/51 [centaur/+0 long sword (3)]
  4992 | D:5      | Reached XP level 8. HP: 21/58 MP: 9/16
  5571 | D:5      | Found a shadowy altar of Dithmenos.
  5603 | D:5      | Found Tiefout's One-of-a-Kind Rings.
  5869 | D:6      | Found a white marble altar of Elyvilon.
  6236 | D:6      | Found a shimmering altar of Xom.
  6700 | D:6      | Found a glowing golden altar of the Shining One.
  8049 | D:7      | Found a runed translucent door.
  8050 | D:7      | Noticed Crazy Yiuf
  8074 | D:7      | Noticed Maggie
  8077 | D:7      | Noticed Duvessa
  8079 | D:7      | Noticed Dowan
  8176 | D:8      | Noticed a two-headed ogre
  8260 | D:8      | Learned a level 2 spell: Searing Ray
  8369 | D:8      | Found a burning altar of Makhleb.
  8379 | D:7      | Reached XP level 9. HP: 62/65 MP: 9/18
  8390 | D:7      | Found a staircase to the Ecumenical Temple.
  8402 | Temple   | Entered the Ecumenical Temple
  8465 | Temple   | Became a worshipper of Ashenzari the Shackled
  8548 | D:7      | You fall into a shaft and drop 3 floors!
  8548 | D:10     | Entered Level 10 of the Dungeon
  8588 | D:11     | Noticed a boulder beetle
  8850 | D:9      | Reached skill level 8 in Conjurations
  8942 | D:9      | Noticed a two-headed ogre
  8949 | D:9      | Noticed a two-headed ogre
  9325 | D:8      | Killed a two-headed ogre
  9326 | D:8      | Reached skill level 5 in Invocations
  9566 | D:8      | Noticed Prince Ribbit
  9584 | D:8      | Killed Prince Ribbit
  9715 | D:8      | Found a stormy altar of Qazlal.
  9728 | D:8      | Reached skill level 5 in Fighting
  9728 | D:8      | Reached skill level 5 in Short Blades
  9728 | D:8      | Reached skill level 5 in Long Blades
  9728 | D:8      | Reached skill level 5 in Axes
  9728 | D:8      | Reached skill level 5 in Maces & Flails
  9728 | D:8      | Reached skill level 5 in Polearms
  9728 | D:8      | Reached skill level 5 in Staves
  9728 | D:8      | Reached skill level 5 in Ranged Weapons
  9728 | D:8      | Reached skill level 5 in Throwing
  9728 | D:8      | Reached skill level 5 in Armour
  9728 | D:8      | Reached skill level 5 in Shields
  9728 | D:8      | Reached skill level 5 in Unarmed Combat
  9728 | D:8      | Reached skill level 5 in Evocations
  9728 | D:8      | Reached XP level 10. HP: 63/74 MP: 4/20
  9831 | D:8      | Found an ornate altar of the Wu Jian Council.
  9852 | D:8      | Found Fynnuenk's Distillery.
  9860 | D:8      | Noticed Psyche
  9881 | D:8      | Killed Psyche
  9988 | D:8      | Bought a potion of might for 56 gold pieces
  9988 | D:8      | Bought a potion of might for 56 gold pieces
  9988 | D:8      | Bought a potion of magic for 112 gold pieces
  9988 | D:8      | Bought a potion of haste for 140 gold pieces
 10042 | D:8      | Found an opulent altar of Gozag.
 10276 | D:7      | Learned a level 4 spell: Olgreb's Toxic Radiance
 10280 | D:7      | Learned a level 3 spell: Ignite Poison
 10293 | D:7      | Noticed Menkaure
 10300 | D:7      | Killed Menkaure
 10363 | D:7      | Found an iron altar of Okawaru.
 10508 | D:7      | Killed Duvessa
 10696 | D:7      | Killed Dowan
 10696 | D:7      | Killed Maggie
 11158 | D:9      | Found a staircase to the Lair.
 11760 | D:9      | Reached * piety under Ashenzari
 11760 | D:9      | Identified a scroll of acquirement
 11841 | D:9      | Killed a two-headed ogre
 11970 | D:9      | Noticed a boulder beetle
 12150 | D:9      | Killed a boulder beetle
 12151 | D:9      | Reached skill level 5 in Hexes
 12151 | D:9      | Reached skill level 5 in Summonings
 12151 | D:9      | Reached skill level 5 in Necromancy
 12151 | D:9      | Reached skill level 5 in Translocations
 12151 | D:9      | Reached skill level 5 in Transmutations
 12151 | D:9      | Reached skill level 5 in Fire Magic
 12151 | D:9      | Reached skill level 5 in Ice Magic
 12151 | D:9      | Reached skill level 5 in Air Magic
 12151 | D:9      | Reached skill level 5 in Earth Magic
 12151 | D:9      | Reached skill level 5 in Poison Magic
 12151 | D:9      | Reached XP level 11. HP: 23/81 MP: 11/22
 12251 | D:9      | Killed a two-headed ogre
 12376 | D:9      | Found Impyumue's Magic Scroll Shoppe.
 12384 | D:9      | Bought a scroll of fear for 60 gold pieces
 12384 | D:9      | Bought a scroll of fog for 60 gold pieces
 12882 | D:8      | Acquired the ring of Fapp {Fire +Blink Will+ Int+2 Stlth+}
 13024 | D:10     | Noticed a two-headed ogre
 13035 | D:10     | Killed a two-headed ogre
 13036 | D:10     | Reached skill level 9 in Conjurations
 13138 | D:10     | Noticed a boulder beetle
 13143 | D:10     | Killed a boulder beetle
 13268 | D:10     | Reached ** piety under Ashenzari
 13962 | D:10     | Found a bloodstained altar of Trog.
 14071 | D:11     | Noticed a two-headed ogre
 14106 | D:10     | Upgraded the game from 0.30-a0-743-gbfdf073431 to
                  | 0.30-a0-755-g0b50240ab4
 14126 | D:11     | Reached XP level 12. HP: 90/91 MP: 24/24
 14173 | D:11     | Learned a level 2 spell: Wereblood
 14308 | D:11     | Slain by a vampire mosquito

Illustrated notes

Levels and vault maps discovered:
D:1:      matt_arrival_grand_opening, layout_rooms, dk_noncrumbling_2,
          minmay_misc_feat_chi, minivault_24
D:2:      minmay_spotlight, layout_rooms
D:3:      layout_basic, nicolae_overflow_hidden_temple,
          lemuel_coloured_pillars_altar, nicolae_ecumenical_pavilion
D:4:      layout_loops_ring, nicolae_nh_oracle_at_delphi
D:5:      layout_cave_pools, grunt_dithmenos_smoke, nicolae_shop_unique_rings,
          roderic_roman_lattice
D:6:      layout_layer_cave, mainiacjoe_overflow_boulevard,
          mainiacjoe_overflow_catch_the_wave, serial_co_window_serial,
          co_window_corner_a, co_window_corner_a, co_window_of_opportunity_a,
          co_window_of_opportunity_a, co_window_paths_b, co_window_2corner,
          co_window_unsneaky_path_a, co_window_cross_2, co_window_broadway_b,
          co_window_corner_ca, co_window_2corner, co_window_corner_b,
          glass_columns_b, glass_columns_b
D:7:      layout_basic, lemuel_crystal_altar, minmay_temple_entry_stoned_glass,
          uniq_duvessa, uniq_maggie, uniq_crazy_yiuf_cottage, uniq_menkaure
D:8:      layout_rooms, mainiacjoe_overflow_alcove_1, grunt_gozag_breadcrumbs,
          mainiacjoe_overflow_big_doors, serial_shops, shop, kennysheep_donut,
          uniq_prince_ribbit1, uniq_psyche
D:9:      minmay_goldmine, layout_rooms, erik_lair_orcish_takeover, special_room
          [special_room_orc], serial_shops,
          nicolae_shop_temple_entry_statues_fountains, kennysheep_island_fort
D:10:     layout_roguey [special_room_bee], trog_hazing_becter
D:11:     layout_gridville, orc_0_dummy, portal_ice_cave_demonic_guard
Temple:   hellmonk_temple_beads

Skill      XL: |  1  2  3  4  5  6  7  8  9 10 11 12 |
---------------+-------------------------------------+-----
Spellcasting   | 5 6 7 8 |  8.9
Invocations    | 1 2 3 4 5 6 7 |  7.9
Fighting       | 1 2 3 4 5 6 7 |  7.2
Short Blades   | 1 2 3 4 5 6 7 |  7.2
Long Blades    | 1 2 3 4 5 6 7 |  7.2
Axes           | 1 2 3 4 5 6 7 |  7.2
Maces & Flails | 1 2 3 4 5 6 7 |  7.2
Polearms       | 1 2 3 4 5 6 7 |  7.2
Staves         | 1 2 3 4 5 6 7 |  7.2
Ranged Weapons | 1 2 3 4 5 6 7 |  7.2
Throwing       | 1 2 3 4 5 6 7 |  7.2
Armour         | 1 2 3 4 5 6 7 |  7.2
Shields        | 1 2 3 4 5 6 7 |  7.2
Unarmed Combat | 1 2 3 4 5 6 7 |  7.2
Evocations     | 1 2 3 4 5 6 7 |  7.2
Hexes          | 1 2 3 4 5 6 |  6.0
Summonings     | 1 2 3 4 5 6 |  6.0
Necromancy     | 1 2 3 4 5 6 |  6.0
Translocations | 1 2 3 4 5 6 |  6.0
Transmutations | 1 2 3 4 5 6 |  6.0
Fire Magic     | 1 2 3 4 5 6 |  6.0
Ice Magic      | 1 2 3 4 5 6 |  6.0
Air Magic      | 1 2 3 4 5 6 |  6.0
Earth Magic    | 1 2 3 4 5 6 |  6.0
Poison Magic   | 1 2 3 4 5 6 |  6.0
Dodging        | 5 6 7 8 |  8.6
Stealth        | 5 6 7 8 |  8.4
Conjurations   | 8 9 |  9.4

Action                     |  1- 3 |  4- 6 |  7- 9 | 10-12 || total
---------------------------+-------+-------+-------+-------++-------
  Melee: Unarmed           |     8 |     4 |       |       ||    12
         Bite              |     1 |     6 |     6 |    10 ||    23
         Falchion          |       |    20 |       |       ||    20
         Rapier            |       |       |    74 |       ||    74
         Kick              |       |       |    17 |       ||    17
         Spear             |       |       |     3 |    50 ||    53
   Fire: Arbalest          |       |       |       |   153 ||   153
   Cast: Magic Dart        |    67 |   144 |   148 |    74 ||   433
         Fulminant Prism   |       |     3 |    32 |    29 ||    64
         Searing Ray       |       |       |    12 |    28 ||    40
         Olgreb's Toxic Ra |       |       |       |    17 ||    17
         Ignite Poison     |       |       |       |     8 ||     8
         Wereblood         |       |       |       |     2 ||     2
 Invoke: Curse Item        |       |       |       |     4 ||     4
    Use: Potion            |       |       |     9 |     5 ||    14
         Scroll            |       |       |     5 |     4 ||     9
   Stab: Sleeping          |       |       |     1 |       ||     1
 Armour: Robe              |       |    12 |    40 |       ||    52
         Skin              |       |       |    54 |       ||    54
         Steam dragon scal |       |       |     2 |     2 ||     4
         Acid dragon scale |       |       |       |    99 ||    99
  Dodge: Dodged            |    14 |    28 |    92 |   166 ||   300
  Block: Buckler           |       |    10 |   101 |    33 ||   144
         Other             |       |       |       |    35 ||    35

Table legend: (Time is in decaauts)
 A = Elapsed time spent in this place.
 B = Non-inter-level travel time spent in this place.
 C = Inter-level travel time spent in this place.
 D = Time resting spent in this place.
 E = Time spent auto-exploring this place.
 F = Levels seen in this place.
 G = Mean time per level.
                   A        B        C        D        E       F      G
               +--------+--------+--------+--------+--------+-----+--------+
         Total |  14442 |  13766 |    676 |      0 |  10600 |  12 | 1203.5 |
       Dungeon |  14304 |  13640 |    664 |      0 |  10493 |  11 | 1300.4 |
        Temple |    138 |    126 |     12 |      0 |    107 |   1 |  138.0 |
               +--------+--------+--------+--------+--------+-----+--------+

Top non-repeatable levels by time:
     D:6: 1951 daAuts
     D:9: 1828 daAuts
     D:8: 1589 daAuts
     D:4: 1502 daAuts
    D:10: 1433 daAuts
     D:7: 1316 daAuts
     D:1: 1215 daAuts
     D:5: 1127 daAuts
     D:2: 1117 daAuts
     D:3: 998 daAuts
    D:11: 224 daAuts
  Temple: 138 daAuts
